 Dungeon Crawl Stone Soup version 0.22-a0-618-gd6a3efe (webtiles) character file.

1232 digijack the Chopper (level 8, -2/71 HPs)
             Began as a Hill Orc Fighter on July 13, 2018.
             Was an Initiate of Makhleb.
             Killed from afar by an orc wizard (6 damage)
             ... with a magic dart
             ... on level 5 of the Dungeon.
             The game lasted 00:31:05 (4708 turns).

digijack the Chopper (Hill Orc Fighter)             Turns: 4708, Time: 00:31:07

Health: -2/71      AC: 17    Str: 19    XL:     8   Next: 48%
Magic:  6/8        EV:  4    Int:  8    God:    Makhleb [......]
Gold:   144        SH: 10    Dex: 12    Spells: 7/7 levels left

rFire    . . .     SeeInvis .   a - +0 war axe
rCold    . . .     Gourm    .   c - +0 shield
rNeg     . . .     Faith    .   k - +0 plate armour
rPois    .         Spirit   .   q - +1 helmet
rElec    .         Reflect  .   b - +1 cloak {+Inv}
rCorr    .         Harm     .   (no gloves)
MR       +....                  (no boots)
Stlth    ..........             (no amulet)
HPRegen  0.21/turn              n - ring of wizardry
MPRegen  0.11/turn              (no ring)

@: lethally poisoned (-2 -> -3), very slightly contaminated, invisible
A: magic resistance 1, sense surroundings 1
a: Renounce Religion


You were on level 5 of the Dungeon.
You worshipped Makhleb.
Makhleb was noncommittal.
You were very hungry.

You visited 1 branch of the dungeon, and saw 5 of its levels.
You also visited: Sewer.

You collected 144 gold pieces.

Inventory:

Hand Weapons
 a - a +0 war axe (weapon)
Missiles
 o - 209 stones (quivered)
Armour
 b - a +1 cloak of invisibility (worn)
 c - a +0 shield (worn)
 k - a +0 plate armour (worn)
 q - a +1 helmet (worn)
Jewellery
 n - a ring of wizardry (left hand)
Wands
 i - a wand of polymorph (4)
Scrolls
 e - 6 scrolls of remove curse
 g - 4 scrolls of identify
 h - a scroll of fog
 j - 3 scrolls of teleportation
 p - a scroll of amnesia
Potions
 d - 4 potions of might
 l - 8 potions of curing
 m - a potion of resistance
 r - 4 potions of heal wounds
 s - a potion of agility
 t - a potion of haste
 u - 4 potions of brilliance
Comestibles
 f - 13 rations


   Skills:
 + Level 6.9 Fighting
 + Level 6.9 Axes
 + Level 6.4 Armour
 + Level 6.3 Shields
 + Level 0.0 Invocations


You had 7 spell levels left.
You didn't know any spells.
Your spell library was empty.

Dungeon Overview and Level Annotations

Branches:
Dungeon (5/15)
 Temple: D:4-7

Altars:
Makhleb
Uskayaw

Annotations:
D:5 Blork the orc, Dowan


Innate Abilities, Weirdness & Mutations

You are resistant to hostile enchantments. (MR+)
You passively map a small area around you.


Message History

The orc wizard blinks!
A magic dart appears from out of thin air!
The magic dart hits you!
Dowan mumbles some strange words.
Dowan blinks!
A puff of frost appears from out of thin air!
The puff of frost hits you!
You feel sick.
The worker ant waves its antennae.
You feel sick.
You fail to use your ability.
Something hits you but does no damage.
You fade into invisibility!
You are very lightly contaminated with residual magic.
You are feeling very hungry.
Something hits you but does no damage. x2
Okay, then.
You feel sick.
The orc wizard gestures at you while chanting.
The magic dart hits you!
You die...

* #)# * .......*
#a# *, ,.......##
#o# * , .........#
#o# .........# #.#
, * *.........# #o#
, * .........## #.#
,
..........###o#####
,
........@.o.......#
**
..................#
..................#
,
####...#..[.......#
* #...#..........#
#..[#....[.....#
#####..........#
#..<.......#
####...#####


You could see an orc wizard and an orc.

Vanquished Creatures
  A golden eye (Sewer)
  Edmund (D:4)
  Duvessa (D:5)
  An ice beast (D:5)
  3 big kobolds (Sewer)
  A scorpion (Sewer)
  A howler monkey (D:5)
  3 orc priests
  2 orc wizards (D:4)
  Crazy Yiuf (D:4)
  6 worker ants
  An iguana (D:4)
  3 adders
  2 river rats (D:3)
  2 oozes
  2 adder skeletons (D:5)
  2 dart slugs
  3 leopard geckos
  6 orcs
  5 bats
  7 giant cockroaches
  8 hobgoblins
  10 jackals
  A quokka (D:3)
  A ball python (Sewer)
  5 frilled lizards
  5 goblins
  16 kobolds
  A leopard gecko skeleton (D:5)
  A leopard gecko zombie (D:5)
  5 rats
  3 bushes (D:2)
  3 plants
113 creatures vanquished.

Notes
Turn   | Place    | Note
-------+----------+-------------------------------------------
     0 | D:1      | digijack the Hill Orc Fighter began the quest for the Orb.
     0 | D:1      | Reached XP level 1. HP: 19/19 MP: 1/1
   267 | D:1      | Reached XP level 2. HP: 23/27 MP: 2/2
   657 | D:2      | Reached XP level 3. HP: 28/33 MP: 3/3
  1560 | D:3      | Found a hide-covered altar of Uskayaw.
  1610 | D:3      | Reached XP level 4. HP: 30/40 MP: 4/4
  1752 | D:3      | Found a glowing drain.
  1938 | Sewer    | Entered a sewer
  1959 | Sewer    | Noticed a big kobold
  1961 | Sewer    | Noticed a wyvern
  1961 | Sewer    | a big kobold changed into a wyvern
  1963 | Sewer    | a wyvern changed into a scorpion
  1978 | Sewer    | Reached XP level 5. HP: 18/47 MP: 5/5
  2318 | Sewer    | Noticed a big kobold
  2320 | Sewer    | Noticed a human
  2320 | Sewer    | a big kobold changed into a human
  2321 | Sewer    | Noticed an eye of draining
  2321 | Sewer    | a human changed into an eye of draining
  2326 | Sewer    | Noticed a spiny frog
  2326 | Sewer    | an eye of draining changed into a spiny frog
  2327 | Sewer    | Noticed an eye of draining
  2327 | Sewer    | a spiny frog changed into an eye of draining
  2328 | Sewer    | Noticed a golden eye
  2328 | Sewer    | an eye of draining changed into a golden eye
  2614 | Sewer    | Killed a golden eye
  2614 | Sewer    | Reached skill level 5 in Fighting
  2614 | Sewer    | Reached XP level 6. HP: 56/56 MP: 6/6
  2846 | Sewer    | Reached skill level 5 in Axes
  2853 | Sewer    | Reached skill level 5 in Armour
  2853 | Sewer    | Reached skill level 5 in Shields
  2862 | Sewer    | Reached XP level 7. HP: 61/61 MP: 7/7
  3145 | D:3      | Gained mutation: You passively map a small area around you. [potion of mutation]
  3145 | D:3      | Gained mutation: You are resistant to hostile enchantments. (MR+) [potion of mutation]
  3700 | D:4      | Found a runed door.
  3704 | D:4      | Noticed Crazy Yiuf
  3708 | D:4      | Killed Crazy Yiuf
  4109 | D:4      | Found a burning altar of Makhleb.
  4117 | D:4      | Became a worshipper of Makhleb the Destroyer
  4435 | D:4      | Noticed Edmund
  4468 | D:4      | Killed Edmund
  4468 | D:4      | Reached XP level 8. HP: 59/71 MP: 8/8
  4564 | D:5      | Entered Level 5 of the Dungeon
  4659 | D:5      | Noticed Duvessa
  4659 | D:5      | Noticed Blork the orc
  4664 | D:5      | Noticed Dowan
  4689 | D:5      | Killed Duvessa
  4702 | D:5      | HP: 3/71 [poisoned by an adder]
  4708 | D:5      | Killed from afar by an orc wizard

Vault maps used:
D:1:      dpeg_arrival_shelter
D:2:      serial_forest, infiniplex_forest_side_room,
          infiniplex_forest_clump_double, infiniplex_forest_clump_long,
          infiniplex_forest_zigzag_1, infiniplex_forest_end_3,
          infiniplex_forest_lined_corner, infiniplex_forest_end_2,
          infiniplex_forest_straight_4, infiniplex_forest_lined_corner,
          minmay_large_rounded_square
D:3:      eat_drink_and_be_merry_uskayaw, portal_sewer_entry_a
D:4:      lemuel_crystal_altar, uniq_crazy_yiuf_cottage, uniq_edmund
D:5:      serial_shops, shop_scrolls, first_ration, uniq_duvessa, uniq_sigmund,
          uniq_blork_the_orc, uniq_menkaure
Sewer:    kennysheep_pipe_town

Skill      XL: |  1  2  3  4  5  6  7  8 |
---------------+-------------------------+-----
Axes           | 3 4 5 6 |  6.9
Fighting       | 4 5 6 |  6.9
Armour         | 4 5 6 |  6.4
Shields        | 4 5 6 |  6.3

Action                   |  1- 3 |  4- 6 |  7- 9 || total
-------------------------+-------+-------+-------++-------
Melee: War axe           |   294 |   206 |   230 ||   730
 Abil: Evoke Invisibilit |       |       |     1 ||     1
Evoke: Wand              |       |    11 |       ||    11
  Use: Scroll            |     3 |     3 |     3 ||     9
       Potion            |     2 |     3 |     3 ||     8
  Eat: Chunk             |     1 |     3 |     6 ||    10
       Ration            |     1 |       |       ||     1
Armor: Scale mail        |    13 |       |       ||    13
       Plate armour      |    78 |   175 |   125 ||   378
Dodge: Dodged            |    27 |    24 |    47 ||    98
Block: Shield            |    82 |    83 |   118 ||   283

Table legend:
 A = Spawn XP
 B = Non-spawn XP
 C = Spawn XP percentage of total XP
 D = Spawn monster count
 E = Non-spawn monster count
 F = Spawn count percentage of total count
 G = Total turns spent on level
                    A         B        C        D         E        F      G
               +---------+---------+-------+---------+---------+-------+---------
         Total |       0 |    1760 |   0.0 |       0 |     107 |   0.0 |  4708
               +---------+---------+-------+---------+---------+-------+---------
           D:1 |       0 |      21 |   0.0 |       0 |      12 |   0.0 |   525
           D:2 |       0 |      35 |   0.0 |       0 |      18 |   0.0 |  1031
           D:3 |       0 |      73 |   0.0 |       0 |      22 |   0.0 |   743
           D:4 |       0 |     554 |   0.0 |       0 |      18 |   0.0 |  1315
           D:5 |       0 |     483 |   0.0 |       0 |      13 |   0.0 |   144
         Sewer |       0 |     594 |   0.0 |       0 |      24 |   0.0 |   950
               +---------+---------+-------+---------+---------+-------+---------
